 Dungeon Crawl Stone Soup version 0.30-a0-475-g03497ec522 (webtiles) character file.

Game seed: 2649079944612086073

21 PyroL the Grasshopper (level 2, -2/25 HPs)
             Began as a Draconian Warper on Dec 21, 2022.
             Slain by an adder (3 damage)
             ... on level 2 of the Dungeon.
             The game lasted 00:01:26 (821 turns).

PyroL the Grasshopper (Draconian Warper)             Turns: 821, Time: 00:01:27

Health: -2/25      AC:  4    Str: 13    XL:     2   Next: 65%
Magic:  3/5        EV: 12    Int: 13    God:
Gold:   16         SH:  0    Dex: 10    Spells: 3/5 levels left

rFire   x . .      SeeInvis .    a - +0 mace
rCold   + + .      Faith    .    (no shield)
rNeg    . . .      Spirit   .    (body armour unavailable)
rPois   .          Reflect  .    (helmet restricted)
rElec   .          Harm     .    (no cloak)
rCorr   .          Rampage  .    (no gloves)
Will    .....      Rage     3%   (no boots)
Stlth   +.........               (no amulet)
HPRegen 0.24/turn                e - ring of protection from cold
MPRegen 0.09/turn                j - ring of protection from cold

@: lethally poisoned (-2 -> -7)
A: AC +4, unfitting armour, cold-blooded, berserk 1, heat vulnerability 1,
subdued magic 1
a: no special abilities


You were on level 2 of the Dungeon.
You visited 1 branch of the dungeon, and saw 2 of its levels.

You collected 16 gold pieces.

Inventory:

Hand Weapons
 a - a +0 mace (weapon)
Missiles
 c - 12 boomerangs of dispersal
Jewellery
 e - a ring of protection from cold (left hand)
 j - a ring of protection from cold (right hand)
 l - an amulet of faith
Scrolls
 b - a scroll of blinking
 d - a scroll of vulnerability {unknown}
 f - 2 scrolls of identify {unknown}
 h - a scroll of magic mapping {unknown}
 i - a scroll of enchant weapon {unknown}
 k - a scroll of noise {unknown}
Potions
 m - a potion of invisibility {unknown}


   Skills:
 + Level 2.8 Fighting
 - Level 2.0 Maces & Flails
 - Level 0.8 Throwing
 - Level 2.1 Dodging
 + Level 2.3 Spellcasting
 + Level 3.3 Translocations


You had 3 spell levels left.
You knew the following spells:

 Your Spells              Type           Power      Damage    Failure   Level
a - Blink                 Tloc           14%        N/A       8%          2

Your spell library contained the following spells:

 Spells                   Type           Power      Damage    Failure   Level
 Lesser Beckoning         Tloc           14%        N/A       16%         3
 Teleport Other           Tloc           7%         N/A       16%         3
 Vhi's Electric Charge    Tloc/Air       8%         N/A       32%         3
 Manifold Assault         Tloc           7%         N/A       47%         4


Dungeon Overview and Level Annotations

Branches:
Dungeon (2/15)

Altars:


Innate Abilities, Weirdness & Mutations

Your plain brown scales are hard. (AC +4)
You cannot fit into any form of body armour.
You are cold-blooded and may be slowed by cold attacks.
You sometimes lose your temper in combat.
You are vulnerable to heat. (rF-)
Your spells are a little easier to cast, but a little less powerful.


Message History

The adder poisons you!
You hit the adder.
The adder is severely wounded.
You feel very sick. The adder barely misses you.
You closely miss the adder.
The adder is severely wounded.
You feel very sick. The adder barely misses you. The adder bites you.
* * * LOW HITPOINT WARNING * * *
Unknown command.
You are too injured to fight recklessly!
Casting: Blink (safe; 10% risk of failure)
Confirm with . or Enter, or press ? or * to list all spells.
You blink.
Found a glowing dagger.
You feel sick.
You feel sick.
You feel sick.
Found 10 gold pieces.
You feel sick.
You feel stable enough to blink again.
You feel sick.
You feel sick.
You see here a +0 vampiric dagger.
You hit the adder.
The adder is almost dead.
You feel sick.
You are no longer poisoned.
The adder barely misses you.
You miss the adder.
Your tail-slap misses the adder.
The adder is almost dead.
The adder bites you.
* * * LOW HITPOINT WARNING * * *
You are lethally poisoned!
The adder poisons you! The adder closely misses you.
Unknown command.
It was a potion of mutation.
You feel extremely strange.
Your connection to magic feels subdued.
You feel vulnerable to heat.
You feel a little pissed off.
* * * LOW HITPOINT WARNING * * *
You feel sick. The adder bites you.
You die...

### #.. #.# #.#
#######.#########
..$.....S@.......
######l#########
#...........
#.##.#.#####
#.#....... ####
#†#..#..## #....
#l#.....#
#.....##†#.###.#
#.......w...<# .


You could see an adder and a frilled lizard.

Vanquished Creatures
  4 endoplasms
  A giant cockroach (D:1)
  A goblin (D:1)
  A hobgoblin (D:1)
  2 jackals (D:2)
  3 kobolds (D:1)
  2 quokkas
  A ball python (D:1)
  A bat (D:1)
  A frilled lizard (D:1)
  2 rats (D:1)
19 creatures vanquished.

Notes
Turn   | Place    | Note
-------+----------+-------------------------------------------
     0 | D:1      | PyroL the Draconian Warper began the quest for the Orb.
     0 | D:1      | Reached XP level 1. HP: 17/17 MP: 3/3
   214 | D:1      | Reached XP level 2. HP: 15/25 MP: 5/5
   217 | D:1      | Learned a level 2 spell: Blink
   540 | D:1      | Found a faded altar of an unknown god.
   821 | D:2      | Gained mutation: Your spells are a little easier to cast,
                  | but a little less powerful. [potion of mutation]
   821 | D:2      | Gained mutation: You are vulnerable to heat. (rF-) [potion
                  | of mutation]
   821 | D:2      | Gained mutation: You sometimes lose your temper in combat.
                  | [potion of mutation]
   821 | D:2      | HP: 1/25 [poisoned by an adder]
   821 | D:2      | Slain by an adder

Illustrated notes

Levels and vault maps discovered:
D:1:      noname_arrival_rooms_in_the_neighbourhood, layout_basic,
          hellmonk_ecumenical_altar_blasted
D:2:      layout_basic

Action                   || total
-------------------------++-------
Melee: Mace              ||    66
       Tailslap          ||     8
 Cast: Blink             ||     1
  Use: Potion            ||     1
 Stab: Sleeping          ||     1
Armor: Skin              ||    22
Dodge: Dodged            ||    36

Table legend: (Time is in decaauts)
 A = Elapsed time spent in this place.
 B = Non-inter-level travel time spent in this place.
 C = Inter-level travel time spent in this place.
 D = Time resting spent in this place.
 E = Time spent auto-exploring this place.
 F = Levels seen in this place.
 G = Mean time per level.
                   A        B        C        D        E       F      G
               +--------+--------+--------+--------+--------+-----+--------+
         Total |    839 |    807 |     32 |      0 |    621 |   2 |  419.5 |
       Dungeon |    839 |    807 |     32 |      0 |    621 |   2 |  419.5 |
               +--------+--------+--------+--------+--------+-----+--------+

Top non-repeatable levels by time:
     D:1: 793 daAuts
     D:2: 46 daAuts
